Map: Amygdala

Players

LiquidElazer (Elazer) - Winner!

  • Race: Zerg Zerg
  • Spawn Location: 1:00

VITRyung (Ryung)

  • Race: Terran Terran
  • Spawn Location: 7:00

Event: HomeStory Cup XXVI

VOD

Have the link to the VOD?

Description

Time

  • Played on: Nov. 30, 2024, 3:14 p.m.
  • Length: 8:13

All games in this series

Show
View Real Time Build Order
Export as new Build Order

LiquidElazer Zerg - Winner!

Build Orders: Hatch First 

Get SALT Encoding   

  12  0:00  Drone  
  13  0:08  Drone  
  14  0:14  Extractor  
  14  0:15  Drone  
  15  0:34  Hatchery  
  14  0:39  Extractor  
  14  0:40  Drone  
  15  0:45  Overlord  
  15  1:00  Spawning Pool  
  15  1:04  Drone  
  15  1:07  Drone  
  15  1:10  Drone  
  17  1:16  Drone  
  18  1:26  Drone  
  19  1:36  Drone  
  20  1:46  Queen x2  
  22  1:48  Drone  
  22  1:49  Drone  
  26  1:57  Drone  
  26  1:58  Overlord  
  27  2:11  Hatchery  
  27  2:14  Drone  
  27  2:17  Drone  
  27  2:21  Drone x2  
  30  2:29  Queen  
  32  2:31  Drone  
  32  2:36  Overlord  
  33  2:40  Drone x2  
  35  2:46  Extractor  
  35  2:51  Drone x2  
  35  2:55  Drone x3  
  35  2:56  Drone x2  
  41  3:03  Drone  
  41  3:04  Queen  
  44  3:13  Overlord  
  44  3:16  Roach Warren  
  43  3:21  Overlord  
  43  3:23  Drone x3  
  46  3:29  Drone x4  
  46  3:31  Drone  
  51  3:35  Drone  
  51  3:37  Drone x3  
  55  3:46  Overlord  
  55  3:48  Spore Crawler, Evolution Chamber  
  54  3:49  Drone x2  
  54  3:53  Evolution Chamber  
  54  4:00  Roach x4  
  54  4:01  Roach  
  66  4:05  Drone x3, Overlord  
  69  4:10  Drone x2  
  69  4:13  Overlord  
  72  4:18  Extractor  
  72  4:19  Drone x3, Overlord x2, Extractor  
  73  4:28  Drone  
  73  4:29  Overlord x2  
  74  4:32  Drone x3, Extractor  
  74  4:34  Lair  
  74  4:37  Drone x4  
  80  4:39  Drone  
  80  4:42  Overlord  
  81  4:45  Extractor  
  81  4:46  Drone x3  
  81  4:49  Drone  
  81  4:50  Drone  
  81  4:51  Extractor  
  84  4:55  Overlord  
  84  4:57  Drone x3  
  84  4:59  Spore Crawler  
  86  5:03  Spore Crawler x2  
  86  5:05  Overlord  
  86  5:06  Drone x5  
  89  5:15  Evolution Chamber x2, Roach  
  89  5:18  Overlord  
  89  5:20  Roach  
  91  5:25  Roach  
  91  5:27  Drone x7  
  100  5:32  Spore Crawler  
  100  5:35  Overlord, Spire  
  96  5:43  Overlord  
  96  5:44  Roach x5  
  96  5:46  Zerg Missile Weapons Level 1  
  101  5:54  Roach x4  
  101  5:55  Glial Reconstitution  
  109  6:01  Drone x2  
  111  6:05  Overlord  
  111  6:06  Infestation Pit  
  111  6:07  Roach  
  111  6:08  Roach x2  
  111  6:09  Roach  
  111  6:10  Roach  
  120  6:17  Hatchery  
  114  6:46  Corruptor x8  
  107  6:52  Corruptor  
  125  7:01  Queen  
  125  7:06  Ravager  
  125  7:07  Ravager  
  127  7:12  Ravager  
  121  7:16  Roach x5  
  124  7:26  Roach x7  
  130  7:33  Queen  
  130  7:34  Overlord  
  130  7:36  Extractor  
  122  7:39  Roach x7  
  126  7:45  Roach x3  
  130  7:55  Drone x2  
Show
View Real Time Build Order
Export as new Build Order

VITRyung Terran 

Build Orders: Reaper Expand 

Get SALT Encoding   

  12  0:00  SCV  
  13  0:12  SCV  
  14  0:16  Supply Depot  
  14  0:24  SCV  
  15  0:38  SCV  
  15  0:39  Barracks  
  16  0:43  Refinery  
  16  0:50  SCV  
  17  1:02  SCV  
  18  1:14  SCV  
  19  1:26  Orbital Command, Reaper  
  20  1:37  Command Center  
  20  1:45  Supply Depot  
  20  1:52  SCV  
  21  1:58  Marine  
  22  2:04  SCV  
  23  2:09  Factory  
  23  2:10  Refinery  
  23  2:16  SCV  
  23  2:21  Barracks Reactor  
  24  2:29  SCV  
  25  2:41  SCV  
  26  2:49  Orbital Command  
  26  2:53  Refinery  
  26  2:54  SCV  
  26  2:55  Starport  
  27  3:03  Hellion x2  
  31  3:06  SCV  
  32  3:16  SCV  
  32  3:18  SCV  
  34  3:27  Hellion x2  
  34  3:28  SCV  
  34  3:30  SCV  
  34  3:31  Viking  
  34  3:33  Supply Depot  
  42  3:40  SCV  
  43  3:42  SCV  
  43  3:45  Fusion Core  
  44  3:54  SCV x2  
  44  3:55  Starport  
  46  4:00  Supply Depot  
  46  4:06  SCV x2  
  46  4:07  Starport Tech Lab  
  48  4:13  Liberator  
  51  4:18  SCV x2  
  51  4:20  Barracks Tech Lab  
  51  4:23  Supply Depot, Refinery  
  53  4:30  SCV x2  
  55  4:32  Starport Tech Lab  
  55  4:42  SCV x2  
  57  4:46  Supply Depot  
  57  4:50  Supply Depot  
  57  4:51  Battlecruiser  
  63  4:55  SCV x2  
  65  5:08  Supply Depot  
  65  5:11  Battlecruiser  
  65  5:12  SCV x2  
  65  5:13  Hellion  
  75  5:16  Hellion  
  77  5:21  Supply Depot  
  77  5:23  Supply Depot  
  77  5:32  SCV x2  
  77  5:35  Hellion  
  81  5:37  Hellion  
  83  5:55  Battlecruiser  
  83  5:56  Hellion  
  91  5:59  Hellion  
  91  6:01  Command Center  
  93  6:15  Battlecruiser  
  101  6:18  Hellion  
  101  6:20  Hellion  
  101  6:22  SCV x2  
  105  6:34  Factory  
  105  6:36  Factory  
  104  6:50  Hellion x2  
  104  6:54  SCV x2  
  108  7:00  Supply Depot  
  105  7:01  Supply Depot  
  105  7:06  SCV  
  106  7:15  Supply Depot x2  
  104  7:16  Supply Depot  
  92  7:23  SCV x3  
  92  7:29  Factory Tech Lab x2  
  86  7:35  SCV x3  
  83  7:41  Widow Mine  
  83  7:42  Widow Mine  
  85  7:47  SCV  
  81  7:57  SCV x2  
  79  7:59  SCV  
Tags
 
Add a new tag
Caveats
  • Supply blocks, unpowered buildings, or Contaminate may cause inaccurate times.
  • Supply counts are checked every 10 seconds.